 Dungeon Crawl Stone Soup version 0.32-a0-18-g89e19f1974 (webtiles) character file.

Game seed: 4869216938925263599

5805 Implojin the Cruncher (level 10, -6/69 HPs)
             Began as an Armataur Delver on Jan 16, 2024.
             Was a Follower of Hepliaklqana.
             Mangled by a harpy simulacrum (12 damage)
             ... in an ice cave.
             The game lasted 00:33:44 (4309 turns).

Implojin the Cruncher (Armataur Delver)             Turns: 4309, Time: 00:33:44

Health: -6/69      AC:  7    Str: 19    XL:     10   Next: 50%
Magic:  10/10      EV:  9    Int: 14    God:    Hepliaklqana [*.....]
Gold:   343        SH:  0    Dex: 14    Spells: 9/9 levels left

rFire   + . .        k - +4 lajatang "Demithraw" {heavy, rElec rF+ Int+3 SInv}
rCold   . . .        (shield currently unavailable)
rNeg    . . .        A - +0 swamp dragon scales
rPois   +            (no helmet)
rElec   +            (no cloak)
rCorr   +            j - +0 pair of gloves
SInv    +            (no barding)
Will    .....        (no amulet)
Stlth   +++          e - ring of resist corrosion
HPRegen 0.31/turn    m - ring of flight
MPRegen 0.12/turn

%: roll
@: flying
A: reduced essence, large, deformed body, tough skin 3, armoured tail, roll 2
a: Renounce Religion, Recall Ancestor, Ancestor Identity


You were in an ice cave.
You worshipped Hepliaklqana.
Hepliaklqana was aware of your devotion.
You visited 2 branches of the dungeon, and saw 12 of its levels.
You also visited: Sewer and Ice Cave.

You collected 343 gold pieces.

Inventory:

Hand Weapons
 a - a +0 rapier
 b - the +6 dagger "Gaasum" {freeze, +Blink rC- Dex+2 SInv}
   (You found it on level 5 of the Dungeon)

   Dex+2:     It affects your dexterity (+2).
   rC-:       It makes you vulnerable to cold.
   SInv:      It lets you see invisible.
   +Blink:    It lets you blink.
 k - the +4 lajatang "Demithraw" (weapon) {heavy, rElec rF+ Int+3 SInv}
   (You acquired it in a sewer)

   Int+3:     It affects your intelligence (+3).
   rF+:       It protects you from fire.
   rElec:     It insulates you from electricity.
   SInv:      It lets you see invisible.
 D - a +2 dagger of draining
 E - a +0 short sword of electrocution
Missiles
 l - 16 poisoned darts (quivered)
 p - 2 javelins
Armour
 j - a +0 pair of gloves (worn)
 x - a +1 leather armour of willpower
 A - +0 swamp dragon scales (worn)
 F - an orb of guile
 K - a +0 troll leather armour
 L - a +0 chain mail
Magical Staves
 I - a staff of earth
Jewellery
 e - a ring of resist corrosion (left hand)
 m - a ring of flight (right hand)
 w - a ring of protection from fire
Talismans
 t - a maw talisman
Wands
 g - a wand of digging (7)
 z - a wand of iceblast (8)
 G - a wand of flame (1)
 H - a wand of mindburst (9)
 N - a wand of paralysis (4)
Scrolls
 c - 4 scrolls of fog
 d - 2 scrolls of revelation
 h - 3 scrolls of teleportation
 n - a scroll of vulnerability {unknown}
 q - a scroll of fear
 r - 3 scrolls of noise
 u - 3 scrolls of amnesia {unknown}
 y - a scroll of blinking {unknown}
 J - a scroll of enchant armour {unknown}
 M - a scroll of silence {unknown}
Potions
 f - 2 potions of cancellation
 i - a potion of invisibility {unknown}
 o - 4 potions of brilliance
 s - 2 potions of curing
 v - 3 potions of mutation {unknown}
 B - 3 potions of haste
 C - a potion of attraction {unknown}


   Skills:
 - Level 3.0 Fighting
 - Level 8.0 Short Blades
 * Level 10.4 Staves
 - Level 3.0 Throwing
 - Level 1.3 Dodging
 - Level 8.0 Stealth
 - Level 3.0 Evocations


You had 9 spell levels left.
You didn't know any spells.
Your spell library contained the following spells:

 Spells                   Type           Power      Damage    Failure   Level
 Magic Dart               Conj           0%         1d3       45%         1
 Slow                     Hex            0%         N/A       45%         1
 Lesser Beckoning         Tloc           0%         N/A       58%         2
 Searing Ray              Conj           0%         2d4       58%         2
 Confusing Touch          Hex            0%         N/A       83%         3
 Gell's Gravitas          Tloc           0%         N/A       83%         3
 Sigil of Binding         Hex            0%         N/A       83%         3
 Teleport Other           Tloc           0%         N/A       83%         3
 Tukima's Dance           Hex            0%         N/A       83%         3
 Vampiric Draining        Necr           0%         2d6       83%         3
 Dimensional Bullseye     Hex/Tloc       0%         N/A       99%         4
 Fulminant Prism          Conj/Alch      0%         3d5       99%         4
 Iskenderun's Mystic Bla  Conj/Tloc      0%         2d3       99%         4
 Summon Blazeheart Golem  Fire/Summ      0%         N/A       99%         4
 Orb of Destruction       Conj           0%         9d5       100%        7
 Spellforged Servitor     Conj/Summ      0%         N/A       100%        7


Dungeon Overview and Level Annotations

Branches:
Dungeon (11/15)            Temple (1/1) D:6            Lair (0/5) D:9
    Orc (0/2) D:11          Sewer (visited)           IceCv (1/1)

Altars:
Ashenzari
Cheibriados
Elyvilon
Fedhas
Gozag
Hepliaklqana
Kikubaaqudgha
Makhleb
Nemelex Xobeh
Okawaru
Qazlal
Ru
Sif Muna
Trog
Uskayaw
Vehumet
Xom
Yredelemnul
Zin
The Shining One

Annotations:
D:9 2 transporters


Innate Abilities, Weirdness & Mutations

Your life essence is reduced to manifest your ancestor. (-10% HP)
Armour fits poorly on your strangely shaped body.
You have extremely tough skin. (AC +3)
You have a long armoured tail.
You regenerate magic and health when rolling toward enemies. (Rampage Regen)


Message History

Danger: naga simulacrum |T2| Reason: simulacrum and no rC, careful The helpless naga simulacrum fails to defend itself.
You slice the naga simulacrum like a ripe choko!!!!
The naga simulacrum vaporises!
You roll towards the ufetubus!
You roll towards the ufetubus!
The helpless ufetubus fails to defend itself.
You open the ufetubus like a pillowcase!!!
You kill the ufetubus!
An ice devil and a harpy simulacrum come into view.
Danger: harpy simulacrum |T2| Reason: simulacrum and no rC, careful Danger: harpy simulacrum |T3| Reason: extremely fast simulacrum and no rC, watch out!!
Danger: harpy simulacrum |T3| Reason: extremely fast simulacrum and no rC, watch out!!
You throw a poisoned dart.
The poisoned dart hits the harpy simulacrum.
Danger: harpy simulacrum |T3| Reason: extremely fast simulacrum and no rC, watch out!!
Danger: harpy simulacrum |T3| Reason: extremely fast simulacrum and no rC, watch out!!
C r a b hits the harpy simulacrum.
Danger: harpy simulacrum |T3| Reason: extremely fast simulacrum and no rC, watch out!!
Something closely misses c r a b. x4
Danger: harpy simulacrum |T3| Reason: extremely fast simulacrum and no rC, watch out!!
Something closely misses c r a b.
Something claws c r a b.
Something freezes c r a b.
C r a b resists.
Danger: harpy simulacrum |T3| Reason: extremely fast simulacrum and no rC, watch out!!
Unknown command.
The harpy simulacrum claws c r a b.
The harpy simulacrum freezes c r a b.
C r a b resists.
The harpy simulacrum claws c r a b!
The harpy simulacrum freezes c r a b!
C r a b resists.
The harpy simulacrum barely misses c r a b. x2
C r a b barely misses the harpy simulacrum.
Danger: harpy simulacrum |T3| Reason: extremely fast simulacrum and no rC, watch out!!
The harpy simulacrum claws you. The harpy simulacrum freezes you!!
The harpy simulacrum claws you but does no damage.
The harpy simulacrum claws you. The harpy simulacrum freezes you!!
The harpy simulacrum claws you! The harpy simulacrum freezes you!
C r a b completely misses the harpy simulacrum.
The harpy simulacrum claws you!
You die...

4..# ...# Z..
..## ##### ..#
##...###.##
##.....##..#
#...#..R#..#
#..####@Z..#
##..# ##...#
##..## ##.##
##...# ###
##....## ####
#......#
#..####.....##
....##.......#
..#..........#


You could see the friendly c r a b the ancestor and a harpy simulacrum (ally
target).

Vanquished Creatures
  An unseen horror (D:11)
  Jeremiah (D:8)
  A troll (D:10)
  Prince Ribbit (D:7)
  A vampire (D:10)
  10 yaks
  A death yak simulacrum (IceCv)
  2 orc warriors
  A sky beast (D:4)
  A black bear (D:7)
  An ice beast (D:6)
  An ogre (D:5)
  3 kobold brigands
  A phantom (D:6)
  3 bullfrogs
  A gnoll sergeant (D:7)
  3 scorpions
  5 cane toad simulacra (IceCv)
  6 wights
  An elephant simulacrum (IceCv)
  2 howler monkeys
  2 jellies
  5 hounds
  5 orc priests
  6 orc wizards
  Ijyb (D:5)
  4 iguanas
  A troll simulacrum (IceCv)
  A polar bear simulacrum (IceCv)
  A spriggan simulacrum (IceCv)
  13 gnolls
  9 adders
  A naga simulacrum (IceCv)
  2 river rats (Sewer)
  2 white imps
  3 ufetubi
  4 dart slugs
  4 ribbon worms
  10 orcs
  23 ball pythons
  12 endoplasms
  6 giant cockroaches
  6 goblins
  11 hobgoblins
  4 jackals
  3 quokkas
  11 bats
  3 frilled lizards
  15 kobolds
  24 rats
239 creatures vanquished.

Vanquished Creatures (collateral kills)
  A yak (D:9)
  A polar bear simulacrum (IceCv)
  3 kobolds (D:10)
5 creatures vanquished.

Vanquished Creatures (others)
  4 ancestors
  An orc wizard (D:5)
5 creatures vanquished.

Grand Total: 249 creatures vanquished

Notes
Turn   | Place    | Note
-------+----------+-------------------------------------------
     0 | D:5      | Implojin the Armataur Delver began the quest for the Orb.
     0 | D:5      | Reached XP level 1. HP: 18/18 MP: 1/1
    64 | D:4      | Noticed an orc priest
   244 | D:2      | Reached XP level 2. HP: 25/25 MP: 2/2
   390 | D:1      | Found a faded altar of an unknown god.
   542 | D:1      | Reached XP level 3. HP: 26/30 MP: 3/3
   919 | D:2      | Reached XP level 4. HP: 30/37 MP: 4/4
  1420 | D:3      | Reached XP level 5. HP: 28/45 MP: 5/5
  1633 | D:4      | Noticed a sky beast
  1669 | D:4      | Killed a sky beast
  1670 | D:4      | Reached skill level 5 in Short Blades
  1670 | D:4      | Reached XP level 6. HP: 27/51 MP: 6/6
  1807 | D:4      | Found a glowing golden altar of the Shining One.
  1893 | D:4      | Reached skill level 1 in Throwing
  2244 | D:4      | Gained mutation: You regenerate magic and health when
                  | rolling toward enemies. (Rampage Regen) [Armataur growth]
  2244 | D:4      | Reached XP level 7. HP: 19/57 MP: 7/7
  2288 | D:5      | Identified the +6 dagger "Gaasum" {freeze, +Blink rC- Dex+2
                  | SInv}
  2420 | D:5      | Found a blossoming altar of Fedhas.
  2466 | D:6      | Found a staircase to the Ecumenical Temple.
  2508 | Temple   | Entered the Ecumenical Temple
  2526 | Temple   | Became a worshipper of Hepliaklqana the Forgotten
  2643 | D:5      | Noticed Ijyb
  2649 | D:5      | Killed Ijyb
  2650 | D:5      | Reached XP level 8. HP: 63/63 MP: 8/8
  2779 | D:6      | HP: 1/52 [wight/+0 dire flail (4)]
  2945 | D:6      | Found a glowing drain.
  2977 | Sewer    | Entered a sewer
  3052 | Sewer    | Reached skill level 1 in Evocations
  3204 | Sewer    | Identified a scroll of acquirement
  3205 | Sewer    | Acquired the +4 lajatang "Demithraw" {heavy, rElec rF+
                  | Int+3 SInv}
  3263 | D:7      | Reached skill level 1 in Staves
  3269 | D:7      | Reached skill level 2 in Staves
  3312 | D:7      | Reached skill level 3 in Staves
  3312 | D:7      | Reached XP level 9. HP: 69/69 MP: 9/9
  3313 | D:7      | Reached skill level 4 in Staves
  3321 | D:7      | Reached skill level 5 in Staves
  3337 | D:7      | Noticed Prince Ribbit
  3343 | D:7      | Killed Prince Ribbit
  3344 | D:7      | Reached skill level 6 in Staves
  3375 | D:7      | Reached skill level 7 in Staves
  3498 | D:7      | Found a broken altar of Ashenzari.
  3513 | D:8      | Noticed Jeremiah
  3517 | D:8      | Killed Jeremiah
  3518 | D:8      | Reached skill level 8 in Staves
  3530 | D:8      | Found a sacrificial altar of Ru.
  3582 | D:8      | Found a radiant altar of Vehumet.
  3582 | D:8      | Found a hide-covered altar of Uskayaw.
  3582 | D:8      | Found a snail-covered altar of Cheibriados.
  3657 | D:8      | Reached * piety under Hepliaklqana
  3688 | D:9      | Found a staircase to the Lair.
  3713 | D:9      | Found a transporter.
  3714 | D:9      | Found a transporter.
  3727 | D:10     | Entered Level 10 of the Dungeon
  3743 | D:10     | Noticed a troll
  3751 | D:10     | Killed a troll
  3779 | D:10     | Reached XP level 10. HP: 10/69 MP: 10/10
  3862 | D:9      | Found a basalt altar of Yredelemnul.
  3920 | D:10     | Noticed an angel
  3921 | D:10     | Found a glowing silver altar of Zin.
  3990 | D:11     | Reached skill level 9 in Staves
  4056 | D:11     | Found a frozen archway.
  4075 | IceCv    | Entered an ice cave
  4082 | IceCv    | Reached skill level 10 in Staves
  4309 | IceCv    | Mangled by a harpy simulacrum

Illustrated notes

Levels and vault maps discovered:
D:1:      dpeg_arrival_brainrot, layout_loops_ring,
          shapermc_ecumenical_altar_starsandcircs
D:2:      minmay_thinvault, layout_loops_cross, st_stairs_13, minivault_19
D:3:      layout_basic, goddamned_bats
D:4:      layout_gridville, tso_oasis_becter, chequers_jeans,
          chequers_serial_rivers_micro_b, minmay_misc_feat_tower, minmay_bent,
          uniq_pikel
D:5:      layout_basic, mainiacjoe_overflow_concentric_impassable,
          kennysheep_mini_moat, minmay_a_box_with_orc_wizards_in_it, uniq_ijyb
D:6:      layout_basic, minmay_temple_entry_large_hall, portal_sewer_entry_c
D:7:      layout_basic, ashenzari_altar_1, uniq_prince_ribbit1
D:8:      layout_loops_corners, gammafunk_temple_overflow_forgotten,
          mainiacjoe_overflow_boulevard, uniq_grum, uniq_jeremiah, uniq_maggie,
          uniq_maurice
D:9:      layout_loops_ring, yredelemnul_altar_generic, lair_entry_dummy,
          serial_nicolae_subway, nicolae_sub_station_metal,
          nicolae_sub_station_crystal, nicolae_sub_station_stone
D:10:     layout_big_octagon, nicolae_wu_jian_immortal_techniques, zin_angel
D:11:     layout_basic, kennysheep_orc_monster_closet_entryway,
          portal_ice_cave_entry_pillars_2, uniq_gastronok
Temple:   bh_familiar_temple
IceCv:    ice_cave_small_necro

Skill      XL: |  1  2  3  4  5  6  7  8  9 10 |
---------------+-------------------------------+-----
Short Blades   | 2 3 4 5 6 8 |  8.0
Fighting       | 3 |  3.0
Stealth        | 6 8 |  8.0
Throwing       | 2 3 |  3.0
Evocations     | 3 |  3.0
Staves         | 3 8 10 | 10.4
Dodging        | |  1.3

Action                     |  1- 3 |  4- 6 |  7- 9 | 10-12 || total
---------------------------+-------+-------+-------+-------++-------
  Melee: Short sword       |   109 |    18 |       |       ||   127
         Tailslap          |    14 |    29 |    57 |     6 ||   106
         Rapier            |       |   164 |    64 |       ||   228
         Punch             |       |     3 |     3 |       ||     6
         Dagger            |       |       |   165 |       ||   165
         Lajatang          |       |       |    94 |    60 ||   154
  Throw: Dart              |       |    11 |       |     2 ||    13
         Javelin           |       |     1 |     2 |       ||     3
 Invoke: Ancestor Identity |       |       |     1 |       ||     1
  Evoke: Wand              |       |     1 |     2 |    17 ||    20
    Use: Potion            |     4 |     1 |     2 |     1 ||     8
         Scroll            |     3 |     3 |     5 |     3 ||    14
   Stab: Sleeping          |    13 |    15 |    10 |     3 ||    41
         Fleeing           |     1 |       |       |       ||     1
         Paralysed         |       |       |       |     2 ||     2
 Armour: Leather armour    |    57 |    46 |    33 |       ||   136
         Scale mail        |       |    67 |    59 |       ||   126
         Skin              |       |    15 |       |       ||    15
         Swamp dragon scal |       |       |   257 |    60 ||   317
  Dodge: Dodged            |    51 |    46 |   185 |    29 ||   311

Table legend: (Time is in decaauts)
 A = Elapsed time spent in this place.
 B = Non-inter-level travel time spent in this place.
 C = Inter-level travel time spent in this place.
 D = Time resting spent in this place.
 E = Time spent auto-exploring this place.
 F = Levels seen in this place.
 G = Mean time per level.
                   A        B        C        D        E       F      G
               +--------+--------+--------+--------+--------+-----+--------+
         Total |   4263 |   4263 |      0 |     80 |      0 |  14 |  304.5 |
       Dungeon |   3772 |   3772 |      0 |     22 |      0 |  11 |  342.9 |
        Temple |     65 |     65 |      0 |      0 |      0 |   1 |   65.0 |
         Sewer |    204 |    204 |      0 |      0 |      0 |   1 |  204.0 |
      Ice Cave |    220 |    220 |      0 |     58 |      0 |   1 |  220.0 |
               +--------+--------+--------+--------+--------+-----+--------+

Top non-repeatable levels by time:
     D:4: 672 daAuts
     D:2: 618 daAuts
     D:1: 479 daAuts
     D:6: 443 daAuts
     D:3: 380 daAuts
     D:5: 315 daAuts
     D:7: 286 daAuts
   IceCv: 220 daAuts
   Sewer: 204 daAuts
    D:10: 172 daAuts
     D:8: 168 daAuts
    D:11: 121 daAuts
     D:9: 115 daAuts
  Temple: 65 daAuts
